 Dungeon Crawl Stone Soup version 0.30.1-11-g7821555f0a (webtiles) character file.

Game seed: 7392712909158687789

1099 Skitler the Trooper (level 8, -6/50 HPs)
             Began as a Gargoyle Fighter on Jan 9, 2024.
             Mangled by a wight
             ... wielding a +3 war axe
              (9 damage)
             ... on level 5 of the Dungeon.
             The game lasted 00:10:03 (4796 turns).

Skitler the Trooper (Gargoyle Fighter)              Turns: 4796, Time: 00:10:04

Health: -6/50      AC: 19    Str: 23    XL:     8   Next: 32%
Magic:  10/10      EV:  6    Int:  8    God:
Gold:   298        SH:  4    Dex:  9    Spells: 7/7 levels left

rFire   . . .        a - +0 flail
rCold   . . .        c - +0 buckler
rNeg    + . .        n - +0 plate armour
rPois   ∞            (no helmet)
rElec   +            (no cloak)
rCorr   .            k - +0 pair of gloves
SInv    .            (no boots)
Will    .....        (no amulet) Stlth
                     (no ring)
HPRegen 0.28/turn    (no ring)
MPRegen 0.12/turn

%: no passive effects
@: mighty
A: sickness immunity, AC +5, negative energy resistance 1, electricity
resistance, torment resistance 1, petrification resistance
a: no special abilities


You were on level 5 of the Dungeon.
You visited 2 branches of the dungeon, and saw 6 of its levels.

You collected 298 gold pieces.

Inventory:

Hand Weapons
 a - a +0 flail (weapon)
Armour
 b - a +0 scale mail
 c - a +0 buckler (worn)
 i - a +0 chain mail
 k - a +0 pair of gloves (worn)
 n - a +0 plate armour (worn)
Jewellery
 g - an amulet of magic regeneration
 t - an amulet of faith
Wands
 o - a wand of paralysis (8)
 w - a wand of roots (12)
 x - a wand of polymorph (9)
Scrolls
 q - 2 scrolls of blinking {unknown}
 r - 4 scrolls of identify {unknown}
 u - a scroll of enchant armour {unknown}
 v - a scroll of amnesia {unknown}
Potions
 d - 2 potions of might
 e - 3 potions of degeneration {unknown}
 f - a potion of mutation {unknown}
 h - a potion of attraction {unknown}
 j - a potion of flight {unknown}
 l - 2 potions of lignification {unknown}
 m - a potion of ambrosia {unknown}
 p - 2 potions of heal wounds {unknown}
 s - 2 potions of brilliance {unknown}


   Skills:
 * Level 5.5 Fighting
 + Level 5.5 Maces & Flails
 + Level 5.4 Armour
 + Level 0.8 Dodging
 + Level 0.7 Stealth
 * Level 5.1 Shields
 * Level 3.8 Invocations


You had 7 spell levels left.
You didn't know any spells.
Your spell library was empty.

Dungeon Overview and Level Annotations

Branches:
Dungeon (5/15)             Temple (1/1) D:4

Altars:
Ashenzari
Cheibriados
Elyvilon
Fedhas
Kikubaaqudgha
Makhleb
Nemelex Xobeh
Qazlal
Ru
Sif Muna
Trog
Uskayaw
Vehumet
Wu Jian
The Shining One
Ignis


Innate Abilities, Weirdness & Mutations

You are immune to sickness and miasma.
Your stone body is resilient. (AC +5)
You are immune to poison.
You resist negative energy. (rN+)
You are resistant to electric shocks. (rElec)
You are resistant to unholy torment.
You are immune to petrification.


Message History

The wight is severely damaged.
The wight hits you with a +3 war axe.
You hit the wight but do no damage.
The wight is severely damaged.
The wight hits you but does no damage.
You completely miss the wight.
The wight is severely damaged.
The wight hits you with a +3 war axe.
You barely miss the wight.
The wight is severely damaged.
The wight barely misses you.
You barely miss the wight.
The wight is severely damaged.
The wight closely misses you. The wight hits you but does no damage.
You hit the wight but do no damage.
The wight is severely damaged.
The wight hits you but does no damage.
You hit the wight but do no damage.
The wight is severely damaged.
The wight hits you with a +3 war axe!
* * * LOW HITPOINT WARNING * * *
You completely miss the wight.
The wight is severely damaged.
The wight hits you with a +3 war axe.
* * * LOW HITPOINT WARNING * * *
You barely miss the wight.
The wight is severely damaged.
The wight hits you but does no damage.
You closely miss the wight.
The wight is severely damaged.
The wight completely misses you.
You barely miss the wight.
The wight is severely damaged.
You block the wight's attack.
You feel very mighty all of a sudden. You block the wight's attack.
You hit the wight.
The wight is almost destroyed.
The wight hits you with a +3 war axe!
You die... ..# #.# #.# ## ###.# # #. .#.# #####.# ##.## zz#

....... ##...###z#
......###.....##z#
....#..#.......#@#
###.#......_.....#
###.#.##......)###
....#.###.....##
........##...##
#####.#.###.##
......#.....#
....###.#####
.##.# #.#


You could see 4 wights.

Vanquished Creatures
  Grinder (D:3)
  A black bear (D:4)
  An ogre (D:4)
  2 scorpions
  A wight (D:5)
  A howler monkey (D:5)
  3 jellies
  4 orc priests
  Ijyb (D:5)
  4 orc wizards
  8 adders
  3 worms
  A dart slug (D:5)
  11 orcs
  2 ball pythons (D:3)
  6 endoplasms
  5 giant cockroaches
  11 goblins
  9 hobgoblins
  6 jackals
  4 quokkas
  6 bats
  2 frilled lizards (D:1)
  8 kobolds
  3 rats
104 creatures vanquished.

Vanquished Creatures (others)
  An orc wizard (D:4)
1 creature vanquished.

Grand Total: 105 creatures vanquished

Notes
Turn   | Place    | Note
-------+----------+-------------------------------------------
     0 | D:1      | Skitler the Gargoyle Fighter began the quest for the Orb.
     0 | D:1      | Reached XP level 1. HP: 14/14 MP: 1/1
   236 | D:1      | Reached XP level 2. HP: 19/19 MP: 2/2
   860 | D:2      | Reached XP level 3. HP: 24/24 MP: 3/3
  1138 | D:2      | Reached skill level 1 in Invocations
  1570 | D:2      | Reached XP level 4. HP: 26/29 MP: 4/4
  1920 | D:3      | Reached XP level 5. HP: 32/33 MP: 6/6
  1955 | D:3      | Noticed Grinder
  1995 | D:3      | Killed Grinder
  1996 | D:3      | Reached XP level 6. HP: 18/39 MP: 7/7
  2223 | D:3      | Found a faded altar of an unknown god.
  2732 | D:4      | Reached XP level 7. HP: 8/44 MP: 9/9
  2937 | D:4      | Found a staircase to the Ecumenical Temple.
  2949 | Temple   | Entered the Ecumenical Temple
  3088 | D:4      | Reached skill level 5 in Fighting
  3293 | D:4      | Reached skill level 5 in Armour
  3996 | D:4      | Found a sacrificial altar of Ru.
  4005 | D:4      | Found a bloodstained altar of Trog.
  4023 | D:5      | Entered Level 5 of the Dungeon
  4057 | D:5      | Noticed Ijyb
  4076 | D:5      | Killed Ijyb
  4085 | D:5      | Reached XP level 8. HP: 45/49 MP: 10/10
  4115 | D:5      | Reached skill level 5 in Maces & Flails
  4115 | D:5      | Reached skill level 5 in Shields
  4676 | D:5      | Found a broken altar of Ashenzari.
  4791 | D:5      | HP: 2/50 [wight/+3 war axe (6)]
  4796 | D:5      | Mangled by a wight

Illustrated notes

Levels and vault maps discovered:
D:1:      mainiacjoe_arrival_reflecting_pool, layout_basic, serial_bayou_pond_a,
          hangedman_decor_push, amcnicky_mini_corridor_feature
D:2:      layout_loops_ring, serial_co_window_serial, co_window_paths_b,
          co_window_corner_a, co_window_paths_b, co_window_paths_a,
          co_window_of_opportunity_a, co_window_corner_b, co_window_broadway_a,
          co_window_corner_b, co_window_unsneaky_path_d, glass_columns_c,
          glass_columns_c, glass_columns_a, glass_columns_a, glass_columns_a
D:3:      layout_basic, basic_ecumenical_altar, item_on_display_a, uniq_grinder
D:4:      layout_basic, mainiacjoe_overflow_swirl,
          minmay_temple_entry_statues_fountains
D:5:      layout_basic, lemuel_round_altar, nicolae_yredelemnul_ghost_church,
          uniq_sigmund, uniq_ijyb
Temple:   pdpol_scorched_temple

Skill      XL: |  1  2  3  4  5  6  7  8 |
---------------+-------------------------+-----
Invocations    | 1 2 3 |  3.8
Fighting       | 4 5 |  5.5
Maces & Flails | 3 4 5 |  5.5
Armour         | 4 5 |  5.4
Shields        | 4 5 |  5.1
Dodging        | |  0.8
Stealth        | |  0.7

Action                     |  1- 3 |  4- 6 |  7- 9 || total
---------------------------+-------+-------+-------++-------
  Melee: Flail             |   155 |   113 |   269 ||   537
    Use: Potion            |       |       |     1 ||     1
 Armour: Scale mail        |    52 |       |       ||    52
         Chain mail        |    44 |    16 |       ||    60
         Plate armour      |       |   101 |   275 ||   376
         Skin              |       |       |    63 ||    63
  Dodge: Dodged            |    75 |    37 |    93 ||   205
  Block: Buckler           |    28 |    30 |    86 ||   144
